 Dungeon Crawl Stone Soup version 0.27-a0-1301-g128193abf8 (webtiles) character file.

Game seed: 17259835018014902055

237 karkarkar the Chopper (level 5, -1/47 HPs)
             Began as a Minotaur Berserker on June 17, 2021.
             Was a Believer of Trog.
             Slain by Grinder (3 damage)
             ... on level 3 of the Dungeon.
             The game lasted 00:05:12 (2036 turns).

karkarkar the Chopper (Minotaur Berserker)          Turns: 2036, Time: 00:05:13

Health: -1/47      AC:  3    Str: 23    XL:     5   Next: 77%
Magic:  4/4        EV: 12    Int:  4    God:    Trog [**....]
Gold:   80         SH:  0    Dex:  9    Spells: 4/4 levels left

rFire    . . .     SeeInvis .   b - +0 flail (venom)
rCold    . . .     Faith    .   (no shield)
rNeg     . . .     Spirit   .   g - +0 leather armour
rPois    .         Reflect  .   (helmet restricted)
rElec    .         Harm     .   (no cloak)
rCorr    .         Rampage  .   (no gloves)
Will     .....                  (no boots)
Stlth    +.........             (no amulet)
HPRegen  0.15/turn              (no ring)
MPRegen  0.09/turn              (no ring)

@: on berserk cooldown, slowed, very slow
A: horns 2, retaliatory headbutt
a: Renounce Religion, Berserk, Trog's Hand


You were on level 3 of the Dungeon.
You worshipped Trog.
Trog was pleased with you.
You visited 1 branch of the dungeon, and saw 3 of its levels.

You collected 80 gold pieces.

Inventory:

Hand Weapons
 a - a +0 hand axe
 b - a +0 flail of venom (weapon)
Armour
 g - a +0 leather armour (worn)
Scrolls
 h - a scroll of teleportation {unknown}
 i - a scroll of immolation {unknown}
Potions
 c - 3 potions of ambrosia {unknown}
 d - 2 potions of flight {unknown}
 e - a potion of attraction {unknown}
 f - a potion of degeneration {unknown}
 j - a potion of heal wounds {unknown}
 k - a potion of curing {unknown}


   Skills:
 + Level 4.8 Fighting
 + Level 0.8 Short Blades
 + Level 5.5(5.6) Axes
 + Level 1.7(3.9) Maces & Flails
 + Level 3.0 Armour
 + Level 3.3 Dodging
 + Level 1.1 Stealth


You had 4 spell levels left.
You didn't know any spells.
Your spell library was empty.

Dungeon Overview and Level Annotations

Branches:
Dungeon (3/15)

Altars:
Gozag

Annotations:
D:3 Grinder, Jessica


Innate Abilities, Weirdness & Mutations

You have a pair of horns on your head.
You reflexively headbutt those who attack you in melee.


Message History

You completely miss Grinder. Your headbutt misses Grinder.
You feel the effects of Trog's Hand fading.
Grinder hits you!
You closely miss Grinder. You headbutt Grinder.
Grinder is lightly wounded.
Grinder hits you!
You writhe in agony.
Grinder hits you.
You writhe in agony.
You closely miss Grinder.
Grinder is lightly wounded.
Grinder closely misses you. You furiously retaliate!
You headbutt Grinder, but do no damage. You barely miss Grinder.
Grinder is lightly wounded.
Grinder hits you but does no damage.
You closely miss Grinder.
Grinder is lightly wounded.
Your skin stops crawling.
You feel less strong-willed. Grinder completely misses you.
A red film seems to cover your vision as you go berserk!
You feel yourself moving faster!
You feel mighty!
Grinder blinks!
You feel a strong urge to attack something.
You feel your anger nearly subside.
Grinder blinks!
You are no longer berserk.
You are exhausted.
You feel yourself slow down. Grinder gestures at you.
You resist with significant effort. Grinder gestures at you.
Pain shoots through your body! Grinder hits you.
You writhe in agony.
Grinder closely misses you. Grinder gestures at you.
Pain shoots through your body!
* * * LOW HITPOINT WARNING * * *
You hit Grinder.
Grinder is lightly wounded.
Grinder says, "There's only one good use for a tongue: cutting it out."
Grinder hits you!
* * * LOW HITPOINT WARNING * * *
You writhe in agony.
You die...

######## #..†...# #.
#.####.# ##. #.# #.#
#####.. #.# #.# #...#.#
#.# #.###...#.# # #.#
#.#.......##.# #.#
#....@5......# #####.#
###.......####
###...#.# ##.....##
#.......# #.#...#.#
#.......#####.###.###.#
#.............. .... .#
...........##.###.#.# #
.##...####.# #.#..#
##...## #.# #.# ##


You could see Grinder.

Vanquished Creatures
  An orc priest (D:3)
  Natasha (thrice) (D:2)
  3 adders
  3 gnolls (D:2)
  An adder skeleton (D:2)
  2 dart slugs
  4 orcs (D:3)
  11 endoplasms
  2 giant cockroaches
  2 goblins
  6 hobgoblins
  10 jackals
  5 kobolds
  3 ball pythons (D:2)
  5 bats
  A frilled lizard (D:2)
  3 rats
65 creatures vanquished.

Notes
Turn   | Place    | Note
-------+----------+-------------------------------------------
     0 | D:1      | karkarkar the Minotaur Berserker began the quest for the
                  | Orb.
     0 | D:1      | Reached XP level 1. HP: 19/19 MP: 0/0
    63 | D:1      | Found a faded altar of an unknown god.
   170 | D:1      | Reached skill level 4 in Axes
   170 | D:1      | Reached XP level 2. HP: 27/27 MP: 1/1
   656 | D:1      | Reached ** piety under Trog
   662 | D:1      | Reached XP level 3. HP: 29/33 MP: 2/2
  1092 | D:2      | Reached XP level 4. HP: 39/41 MP: 3/3
  1126 | D:2      | Noticed Natasha
  1132 | D:2      | Killed Natasha
  1133 | D:2      | Reached skill level 5 in Axes
  1134 | D:2      | Noticed Natasha
  1146 | D:2      | Killed Natasha
  1147 | D:2      | Reached XP level 5. HP: 47/47 MP: 4/4
  1362 | D:2      | Noticed Natasha
  1374 | D:2      | Killed Natasha
  1839 | D:3      | Noticed Jessica
  1898 | D:3      | Found an opulent altar of Gozag.
  1926 | D:3      | Reached skill level 1 in Maces & Flails
  1926 | D:3      | Reached skill level 1 in Stealth
  2004 | D:3      | Noticed Grinder
  2013 | D:3      | Paralysed by Grinder for 2 turns
  2036 | D:3      | HP: 2/47 [Grinder (8)]
  2036 | D:3      | Slain by Grinder

Illustrated notes

Levels and vault maps discovered:
D:1:      roderic_chinese_lattice_arrival, layout_loops_ring,
          hellmonk_ecumenical_altar_pennies_from_heaven,
          corexii_item_surrounded_by_moat, hangedman_glass_teeth
D:2:      layout_rooms, uniq_natasha
D:3:      layout_loops_ring, lemuel_round_altar, uniq_grinder, uniq_jessica

Skill      XL: |  1  2  3  4  5 |
---------------+----------------+-----
Axes           | 4 5 |  5.5
Fighting       | 4 |  4.8
Armour         | 3 |  3.0
Dodging        | 3 |  3.3
Maces & Flails | 1 |  1.7
Stealth        | 1 |  1.1
Short Blades   | |  0.8

Action                   |  1- 3 |  4- 6 || total
-------------------------+-------+-------++-------
Melee: Hand axe          |    15 |       ||    15
       Headbutt          |    12 |    10 ||    22
       Short sword       |    34 |       ||    34
       Flail             |       |    62 ||    62
Invok: Trog's Hand       |     1 |     3 ||     4
       Berserk           |       |     1 ||     1
  Use: Scroll            |       |     2 ||     2
 Stab: Sleeping          |     2 |       ||     2
Armor: Animal skin       |     9 |       ||     9
       Leather armour    |       |    30 ||    30
Dodge: Dodged            |    38 |    56 ||    94

Table legend: (Time is in decaauts)
 A = Elapsed time spent in this place.
 B = Non-inter-level travel time spent in this place.
 C = Inter-level travel time spent in this place.
 D = Time resting spent in this place.
 E = Time spent auto-exploring this place.
 F = Levels seen in this place.
 G = Mean time per level.
                   A        B        C        D        E       F      G
               +--------+--------+--------+--------+--------+-----+--------+
         Total |   2058 |   1977 |     81 |    151 |   1304 |   3 |  686.0 |
       Dungeon |   2058 |   1977 |     81 |    151 |   1304 |   3 |  686.0 |
               +--------+--------+--------+--------+--------+-----+--------+

Top non-repeatable levels by time:
     D:2: 1016 daAuts
     D:1: 894 daAuts
     D:3: 147 daAuts
